 Dungeon Crawl Stone Soup version 0.30.0 (webtiles) character file.

Game seed: 12044986465964898052

24282 cactusman1044 the Brawler (level 12, 0/107 (114) HPs)
             Began as a Troll Berserker on Oct 11, 2023.
             Was a High Priest of Trog.
             Slain by a profane servitor
             ... wielding a +2 whip
              (1 damage)
             ... on level 2 of the Abyss on Oct 12, 2023.
             The game lasted 00:57:44 (12088 turns).

cactusman1044 the Brawler (Troll Berserker)        Turns: 12088, Time: 00:57:44

HP:   0/107 (114)   AC: 12    Str: 30    XL:     12   Next: 79%
MP:   4/11          EV: 13    Int:  5    God:    Trog [*****.]
Gold: 647           SH:  0    Dex: 15    Spells: 11/11 levels left

rFire   + .          .
                       - Unarmed
rCold   . . .        (no shield)
rNeg    . . .        a - +0 troll leather armour
rPois   .            Q - +2 hat of Ashenzari, Singing {rF+ Will++}
rElec   .            (no cloak)
rCorr   .            (gloves unavailable)
SInv    .            (boots unavailable)
Will    ++...        B - amulet of regeneration
Stlth   +++          f - +4 ring of protection
HPRegen 2.77/turn    n - +6 ring of dexterity
MPRegen 0.12/turn

%: no passive effects
@: wreathed by umbra, studying Stealth, drained
A: large, unfitting armour, claws 3, regeneration 1, shaggy fur 1, tough skin 1
a: Renounce Religion, Berserk, Trog's Hand, Brothers in Arms


You were on level 2 of the Abyss.
You worshipped Trog.
Trog was extremely pleased with you.
You visited 2 branches of the dungeon, and saw 12 of its levels.
You visited the Abyss 1 time.
You also visited: Gauntlet.

You collected 669 gold pieces.
You spent 22 gold pieces at shops.

Inventory:

Hand Weapons
 p - a +2 dagger of distortion {one way ticket to abyss}
 v - the +11 long sword "Faeruck" {heavy, rPois Dex+4}
   (You found it in a Gauntlet)

   Dex:       It affects your dexterity (+4).
   rPois:     It protects you from poison.
 G - the +9 great mace of Jaom {holy, *Slow rPois Will+ Int+6}
   (You took it off a two-headed ogre on level 8 of the Dungeon)

   Int:       It affects your intelligence (+6).
   rPois:     It protects you from poison.
   *Slow:     It may slow you when you take damage.
   Will:      It increases your willpower.
 H - a +1 dagger of speed {chick fil a sauce}
 V - the +4 great mace of Wyrd {protect, rN+}
   (You took it off a two-headed ogre on level 8 of the Dungeon)

   rN:        It protects you from negative energy.
Missiles
 y - 5 throwing nets (quivered)
 O - 8 curare-tipped darts
Armour
 a - a +0 troll leather armour (worn)
 j - the +0 robe "Erakka" {Fly Str+9 Int-4 Dex-5}
   (You found it on level 2 of the Dungeon)

   Str:       It affects your strength (+9).
   Int:       It affects your intelligence (-4).
   Dex:       It affects your dexterity (-5).
   Fly:       It grants you flight.
 Q - the +2 hat of Ashenzari, Singing (worn) {rF+ Will++}
   (You found it in a Gauntlet)

   rF:        It protects you from fire.
   Will:      It greatly increases your willpower.
 S - +0 acid dragon scales
Jewellery
 f - a +4 ring of protection (left claw)
 n - a +6 ring of dexterity (right claw)
 B - an amulet of regeneration (around neck)
Wands
 w - a wand of polymorph (10)
 x - a wand of mindburst (26)
 C - a wand of flame (19)
 J - a wand of iceblast (4)
 N - a wand of digging (13)
 T - a wand of charming (4)
Scrolls
 g - 3 scrolls of immolation {unknown}
 i - 2 scrolls of magic mapping {unknown}
 k - a scroll of summoning {unknown}
 l - a scroll of poison {unknown}
 m - a scroll of fear {unknown}
 o - 2 scrolls of brand weapon
 q - 4 scrolls of teleportation
 s - 2 scrolls of enchant weapon
 u - 2 scrolls of vulnerability {unknown}
 z - 4 scrolls of noise
 A - 3 scrolls of blinking
 F - 2 scrolls of fog {unknown}
 K - 2 scrolls of enchant armour {unknown}
Potions
 b - 5 potions of flight
 c - a potion of ambrosia
 d - a potion of haste
 e - 2 potions of might
 h - 2 potions of brilliance {unknown}
 r - 4 potions of curing
 D - 2 potions of berserk rage {unknown}
 E - 2 potions of invisibility
 I - 3 potions of degeneration {unknown}
 L - 2 potions of attraction {unknown}
 M - 3 potions of mutation {unknown}
 P - 2 potions of lignification {unknown}
 R - a potion of heal wounds {unknown}
 U - a potion of resistance {unknown}
Miscellaneous
 t - a lightning rod (4/4)


   Skills:
 + Level 6.2 Fighting
 + Level 1.2 Throwing
 + Level 3.8 Armour
 + Level 8.2 Dodging
 + Level 5.6 Stealth
 + Level 16.3 Unarmed Combat
 + Level 1.3 Evocations


You had 11 spell levels left.
You didn't know any spells.
Your spell library was empty.

Dungeon Overview and Level Annotations

Branches:
Dungeon (11/15)            Temple (1/1) D:4            Lair (0/5) D:8
    Orc (0/2) D:10        Gauntlet (visited)

Altars:
Ashenzari
Cheibriados
Dithmenos
Elyvilon
Fedhas
Gozag
Hepliaklqana
Kikubaaqudgha
Makhleb
Nemelex Xobeh
Okawaru
Qazlal
Ru
Sif Muna
Trog
Uskayaw
Vehumet
Wu Jian
Xom
Yredelemnul
Zin
The Shining One

Shops:
D:2 ?

Annotations:
D:3 Natasha
D:8 1 transporter
D:11 2 transporters, Bazzalis's ghost, journeyman TrFi


Innate Abilities, Weirdness & Mutations

You are too large for most types of armour.
You have claws for hands.
Your natural rate of healing is unusually fast.
You are covered in fur. (AC +1)
You have tough skin. (AC +1)


Message History

Something hits you but does no damage.
You mangle something!! Trog accepts your kill.
Reactivating autopickup.
You feel a bit more experienced.
You start resting.
A small abomination comes into view.
A small abomination is nearby!
The small abomination hits you!
You mangle the small abomination!!
You destroy the small abomination!
Trog accepts your kill.
A vampire and a profane servitor come into view.
The vampire mumbles some strange words.
The vampire flickers and vanishes!
Deactivating autopickup; reactivate with Ctrl-A.
You feel your health improve. Something hits you but does no damage.
Something bites you but does no damage.
You closely miss something. Something hits you! Something bites you.
Something draws strength from your injuries!
You claw something! Something hits you! Something bites you but does no damage.
You mangle something!! Trog accepts your kill.
Trog appreciates your killing of a magic user.
Reactivating autopickup.
You feel a bit more experienced.
The profane servitor hits you but does no damage.
The profane servitor hits you with a +2 whip!
You feel drained.
The profane servitor closely misses you.
The profane servitor hits you with a +2 whip.
You feel drained.
* * * LOW HITPOINT WARNING * * *
The profane servitor hits you with a +2 whip!!
* * * LOW HITPOINT WARNING * * *
The profane servitor draws strength from your injuries!
The profane servitor hits you with a +2 whip!
* * * LOW HITPOINT WARNING * * *
You feel drained.
You die...

#.# ... #. ... .
##. # .
#########>##.# ##
.# #........ .. ...
.. #..............
.# #. #.........# .
# .####.#..........
... #
#.....A@....... ..
....#.#............
. .. ...######### #
.... ## # #..##
..#. ...


You could see a profane servitor.

Vanquished Creatures
  A lorocyproca (Abyss:2)
  Harold (D:9)
  4 two-headed ogres
  Erica (D:9)
  The ghost of IAmTheZeppo the Spear-Bearer, a novice MfGl of Gozag (D:8)
  Sonja (D:10)
  3 skeletal warriors
  A spatial maelstrom (Abyss:2)
  Pikel (D:5)
  The ghost of samcosmo the Firebug, a novice DrFE of Sif Muna (D:6)
  A cyclops (D:11)
  An ugly thing (D:11)
  A large abomination (Abyss:2)
  A gargoyle (D:5)
  An unseen horror (D:10)
  2 komodo dragons
  An ancient zyme (Abyss:2)
  2 trolls (D:10)
  A tyrant leech (Gauntlet)
  A hellwing (Abyss:2)
  3 hornets
  Sigmund (D:4)
  4 flying skulls (Gauntlet)
  A wraith (D:10)
  16 yaks
  6 shadows
  2 vampires
  5 wyverns
  Eustachio (D:6)
  A chaos spawn (Abyss:2)
  4 swamp worms (Gauntlet)
  A spatial vortex (Abyss:2)
  An acid dragon (D:10)
  A water moccasin (D:9)
  3 black bears
  An orc warrior (D:10)
  2 ogres
  An ice beast (D:4)
  3 sky beasts
  9 centaurs
  A lemure (D:5)
  5 phantoms
  A small abomination (Abyss:2)
  6 kobold brigands
  7 bullfrogs
  Blork the orc (D:4)
  3 scorpions
  5 wights (D:4)
  A troll zombie (D:10)
  5 killer bees
  3 howler monkeys
  12 orc priests
  3 hounds
  5 jellies
  A sleepcap (D:5)
  An iguana (D:5)
  Natasha (D:3)
  14 orc wizards
  7 ogre zombies (D:10)
  A spectral hound (D:3)
  8 adders
  3 shadow imps
  A white imp (D:7)
  An adder skeleton (D:3)
  A worm (D:2)
  2 dart slugs
  An adder simulacrum (D:3)
  35 orcs
  6 bats
  6 endoplasms
  2 giant cockroaches
  4 goblins
  9 hobgoblins
  7 jackals
  19 kobolds
  5 quokkas
  4 ball pythons
  3 ball python skeletons (D:3)
  2 frilled lizards (D:1)
  2 goblin skeletons (D:10)
  A goblin zombie (D:10)
  A hobgoblin skeleton (D:10)
  6 orc skeletons (D:10)
  15 orc zombies (D:10)
  3 rats
323 creatures vanquished.

Vanquished Creatures (collateral kills)
  A minotaur (Gauntlet)
1 creature vanquished.

Vanquished Creatures (others)
  8 plants (D:8)
  14 withered plants (D:3)
22 creatures vanquished.

Grand Total: 346 creatures vanquished

Notes
Turn   | Place    | Note
-------+----------+-------------------------------------------
     0 | D:1      | cactusman1044 the Troll Berserker began the quest for the
                  | Orb.
     0 | D:1      | Reached XP level 1. HP: 22/22 MP: 0/0
   199 | D:1      | Reached XP level 2. HP: 29/29 MP: 1/1
   936 | D:2      | Reached XP level 3. HP: 27/36 MP: 2/2
   999 | D:2      | Identified the +0 robe "Erakka" {Fly Str+9 Int-4 Dex-5}
  1016 | D:2      | Found Pexeosik's Magic Scroll Boutique.
  1024 | D:2      | Bought a scroll of identify for 22 gold pieces
  1252 | D:2      | Reached ** piety under Trog
  1293 | D:2      | Found a faded altar of an unknown god.
  1430 | D:3      | Noticed Natasha
  1435 | D:3      | Reached skill level 4 in Unarmed Combat
  1435 | D:3      | Killed Natasha
  1436 | D:3      | Reached XP level 4. HP: 45/45 MP: 3/3
  1452 | D:3      | Identified the +8 dagger of Insufficient Pleasure {pain,
                  | Fragile rF+++ rN+++ Dex-5}
  1512 | D:3      | Found a hazy altar of Hepliaklqana.
  1512 | D:3      | Found a snail-covered altar of Cheibriados.
  1594 | D:3      | Found a shimmering blue altar of Sif Muna.
  1675 | D:3      | Reached XP level 5. HP: 44/53 MP: 4/4
  1768 | D:3      | Reached skill level 5 in Unarmed Combat
  1912 | D:3      | Noticed Natasha
  1989 | D:4      | Found a staircase to the Ecumenical Temple.
  2007 | D:4      | Noticed Sigmund
  2009 | D:4      | You are sucked into a shaft and drop 3 floors!
  2037 | D:7      | Noticed a phantom
  2047 | D:7      | Killed a phantom
  2048 | D:7      | Reached XP level 6. HP: 61/61 MP: 5/5
  2192 | D:7      | Noticed a shadow
  2224 | D:7      | Killed a shadow
  2225 | D:7      | Reached skill level 6 in Unarmed Combat
  2255 | D:7      | Noticed a sky beast
  2347 | D:7      | Reached XP level 7. HP: 67/67 MP: 6/6
  2455 | D:7      | Reached skill level 1 in Stealth
  2455 | D:7      | Reached skill level 7 in Unarmed Combat
  2543 | D:7      | Reached XP level 8. HP: 57/78 MP: 7/7
  3799 | D:6      | Noticed samcosmo's ghost (novice DrFE)
  3811 | D:6      | Reached *** piety under Trog
  3812 | D:6      | Reached skill level 8 in Unarmed Combat
  3819 | D:6      | Found a runed translucent gate.
  3819 | D:6      | Found a runed translucent gate.
  3898 | D:6      | Noticed Eustachio
  3933 | D:6      | Killed Eustachio
  4069 | D:6      | Found a runed translucent gate.
  4252 | D:5      | Entered Level 5 of the Dungeon
  4273 | D:5      | Noticed Pikel
  4292 | D:5      | Killed Pikel
  4293 | D:5      | Reached skill level 5 in Dodging
  4293 | D:5      | Reached skill level 9 in Unarmed Combat
  4293 | D:5      | Reached XP level 9. HP: 61/84 MP: 8/8
  4486 | D:5      | Found a broken altar of Ashenzari.
  4639 | D:5      | Noticed a gargoyle
  4647 | D:5      | Reached skill level 10 in Unarmed Combat
  5416 | D:4      | Killed Sigmund
  5499 | Temple   | Entered the Ecumenical Temple
  5846 | D:4      | Noticed Blork the orc
  5855 | D:4      | Killed Blork the orc
  6136 | D:4      | Reached skill level 1 in Evocations
  6138 | D:4      | Reached **** piety under Trog
  6153 | D:4      | Reached skill level 11 in Unarmed Combat
  6161 | D:4      | Identified the +2 ring mail of Weightlessness {Str+2}
  6586 | D:5      | Killed a gargoyle
  6587 | D:5      | Reached XP level 10. HP: 92/92 MP: 9/9
  7007 | D:8      | Noticed IAmTheZeppo's ghost (novice MfGl)
  7009 | D:8      | Found a transporter.
  7010 | D:8      | Identified the +9 great mace of Jaom {holy, *Slow rPois
                  | Will+ Int+6}
  7010 | D:8      | Identified the +4 great mace of Wyrd {protect, rN+}
  7010 | D:8      | Noticed a two-headed ogre
  7015 | D:8      | Found a transporter.
  7161 | D:8      | Found a staircase to the Lair.
  7171 | D:8      | Reached skill level 12 in Unarmed Combat
  7639 | D:9      | Noticed Harold
  7648 | D:9      | Killed Harold
  7648 | D:9      | Reached ***** piety under Trog
  7730 | D:9      | Noticed Erica
  7738 | D:9      | Killed Erica
  7739 | D:9      | Reached skill level 13 in Unarmed Combat
  8002 | D:9      | Reached XP level 11. HP: 73/101 MP: 10/10
  8230 | D:10     | Entered Level 10 of the Dungeon
  8230 | D:10     | Noticed Sonja
  8304 | D:10     | Noticed a two-headed ogre
  8381 | D:10     | Killed Sonja
  8933 | D:10     | Noticed a two-headed ogre
  8992 | D:10     | Killed a two-headed ogre
  8993 | D:10     | Reached skill level 5 in Fighting
  9023 | D:10     | Found a sacrificial altar of Ru.
  9029 | D:10     | Killed a two-headed ogre
  9030 | D:10     | Reached skill level 14 in Unarmed Combat
  9245 | D:10     | Received a gift from Trog
  9274 | D:10     | Found a staircase to the Orcish Mines.
  9431 | D:10     | Reached skill level 1 in Throwing
  9524 | D:10     | Found a glowing silver altar of Zin.
  9527 | D:10     | Found a hide-covered altar of Uskayaw.
  9792 | D:10     | Noticed a two-headed ogre
 10210 | D:11     | Noticed a skeletal warrior
 10210 | D:11     | Noticed a skeletal warrior
 10210 | D:11     | Noticed a skeletal warrior
 10276 | D:11     | Reached skill level 15 in Unarmed Combat
 10296 | D:11     | Killed a skeletal warrior
 10297 | D:11     | Reached skill level 1 in Armour
 10309 | D:10     | Killed a skeletal warrior
 10310 | D:10     | Reached XP level 12. HP: 16/111 MP: 11/11
 10427 | D:11     | Found a gate leading to a gauntlet.
 10468 | Gauntlet | Entered a Gauntlet
 10468 | Gauntlet | Found a transporter.
 10468 | Gauntlet | Found a transporter.
 10472 | Gauntlet | Found a transporter.
 10472 | Gauntlet | Found a transporter.
 10483 | Gauntlet | Found a transporter.
 10494 | Gauntlet | Found a transporter.
 10516 | Gauntlet | Identified the +11 long sword "Faeruck" {heavy, rPois
                  | Dex+4}
 10523 | Gauntlet | Found a transporter.
 10536 | Gauntlet | Found a transporter.
 10581 | Gauntlet | Identified the +2 hat of Ashenzari, Singing {rF+ Will++}
 10607 | Gauntlet | Found a transporter.
 10613 | Gauntlet | Found a transporter.
 10621 | Gauntlet | Found a transporter.
 10636 | Gauntlet | Reached skill level 5 in Stealth
 10646 | Gauntlet | Found a transporter.
 10647 | Gauntlet | Noticed a ghost crab
 10665 | Gauntlet | Noticed a minotaur
 10673 | Gauntlet | Killed a minotaur
 10693 | Gauntlet | Identified the staff of conjuration "Wivawy" {rPois}
 10823 | D:11     | Found a transporter.
 10823 | D:11     | Found a transporter.
 10826 | D:11     | Noticed Bazzalis's ghost (journeyman TrFi)
 10892 | D:11     | Found an opulent altar of Gozag.
 10990 | D:11     | Noticed a two-headed ogre
 11007 | D:11     | Killed a two-headed ogre
 11028 | D:11     | Identified the +1 scale mail of Vexation {Harm Int+4}
 11531 | D:6      | Killed samcosmo's ghost
 11541 | D:6      | Received a gift from Trog
 11824 | D:8      | Killed a two-headed ogre
 11826 | D:8      | Killed IAmTheZeppo's ghost
 11827 | D:8      | Reached skill level 16 in Unarmed Combat
 11857 | Abyss:2  | Cast into level 2 of the Abyss (unwielding a weapon of
                  | distortion)
 12054 | Abyss:2  | Killed a lorocyproca
 12076 | Abyss:2  | Noticed a profane servitor
 12088 | Abyss:2  | HP: 1/109 [profane servitor/+2 whip (7)]
 12088 | Abyss:2  | Slain by a profane servitor

Illustrated notes

Levels and vault maps discovered:
D:1:      onia_arrival_mini_maze_b, layout_loops_ring,
          chequers_serial_rivers_small_3, chequers_serial_rivers_small_3
D:2:      layout_basic, serial_shops, shop, shapermc_ecumenical_altar_rom_forum
D:3:      layout_rooms, jmf_multi_god_temple, mainiacjoe_overflow_tiny_flanked,
          dilly_guarded_unrand_morg
D:4:      layout_basic, minmay_temple_entry_arrows, minmay_three_crescents,
          uniq_blork_the_orc, uniq_sigmund
D:5:      layout_rooms, nicolae_ashenzari_panopticon, minmay_manual_mess,
          uniq_pikel
D:6:      layout_rooms, gammafunk_ghost_split, uniq_eustachio
D:7:      layout_basic
D:8:      layout_cave_pods, david_lair_shrubbed, gammafunk_ghost_smash,
          amcnicky_mini_rare_corridor_liquid
D:9:      layout_basic, uniq_harold, uniq_erica
D:10:     layout_loops_ring, mainiacjoe_overflow_big_doors, lemuel_doored_altar,
          zombieorc2_lemuel, kennysheep_kite_vault, uniq_sonja
D:11:     layout_loops_cross, gammafunk_ghost_hive, gauntlet_entry_generic,
          grunt_gozag_statues
Temple:   regret_index_temple_generic_petals
Abyss:2:  base: Temple, base:
D:2

Skill      XL: |  1  2  3  4  5  6  7  8  9 10 11 12 |
---------------+-------------------------------------+-----
Unarmed Combat | 4 5 6 7 9 11 13 15 16 | 16.3
Fighting       | 3 4 5 6 |  6.2
Dodging        | 3 4 5 6 7 8 |  8.2
Stealth        | 1 2 3 4 5 |  5.6
Evocations     | 1 |  1.3
Throwing       | 1 |  1.2
Armour         | 1 3 |  3.8

Action                     |  1- 3 |  4- 6 |  7- 9 | 10-12 || total
---------------------------+-------+-------+-------+-------++-------
  Melee: Unarmed           |   100 |    75 |   243 |   492 ||   910
         Punch             |       |       |     7 |    36 ||    43
  Throw: Throwing net      |       |       |     1 |     2 ||     3
         Dart              |       |       |       |     3 ||     3
 Invoke: Berserk           |     1 |     3 |     2 |     4 ||    10
         Brothers in Arms  |       |       |       |     1 ||     1
  Evoke: Wand              |       |       |     1 |     3 ||     4
    Use: Scroll            |     1 |       |     4 |     7 ||    12
         Potion            |       |       |       |     2 ||     2
   Stab: Sleeping          |     1 |       |     4 |     7 ||    12
         Distracted        |       |       |       |     4 ||     4
 Armour: Animal skin       |    25 |       |       |       ||    25
         Robe              |     6 |    32 |    84 |   102 ||   224
         Troll leather arm |       |       |       |    74 ||    74
  Dodge: Dodged            |    55 |    34 |   156 |   241 ||   486
